 Dungeon Crawl Stone Soup version 0.30.1-11-g7821555f0a (webtiles) character file.

Game seed: 14019868579282849978

11 Bandit the Slasher (level 2, -3/25 HPs)
             Began as a Minotaur Gladiator on Nov 11, 2023.
             Slain by a worm (9 damage)
             ... on level 2 of the Dungeon.
             The game lasted 00:11:21 (400 turns).

Bandit the Slasher (Minotaur Gladiator)              Turns: 400, Time: 00:11:21

Health: -3/25      AC:  3    Str: 18    XL:     2   Next: 13%
Magic:  1/1        EV: 12    Int:  5    God:
Gold:   18         SH:  0    Dex: 11    Spells: 1/1 levels left

rFire   . . .        i - +0 dagger
rCold   . . .        (no shield)
rNeg    . . .        b - +0 leather armour
rPois   .            c - +0 hat
rElec   .            (no cloak)
rCorr   .            (no gloves)
SInv    .            (no boots)
Will    .....        (no amulet)
Stlth   +            (no ring)
HPRegen 0.24/turn    (no ring)
MPRegen 0.07/turn

%: no passive effects
@: no status effects
A: horns 2, retaliatory headbutt
a: no special abilities


You were on level 2 of the Dungeon.
You visited 1 branch of the dungeon, and saw 2 of its levels.

You collected 18 gold pieces.

Inventory:

Hand Weapons
 a - a +0 long sword
 i - a +0 dagger (weapon)
Missiles
 d - 3 throwing nets (quivered)
 e - a javelin
Armour
 b - a +0 leather armour (worn)
 c - a +0 hat (worn)
Scrolls
 f - a scroll of enchant weapon {unknown}
 g - a scroll of fog {unknown}
 h - a scroll of identify {unknown}


   Skills:
 + Level 2.6 Fighting
 + Level 3.9 Long Blades
 + Level 2.0 Throwing
 + Level 3.7 Dodging


You had one spell level left.
You didn't know any spells.
Your spell library contained the following spells:

 Spells                   Type           Power      Damage    Failure   Level
 Hailstorm                Conj/Ice       0%         3d3       88%         3
 Ice Form                 Ice/Tmut       0%         N/A       99%         4
 Simulacrum               Ice/Necr       0%         N/A       100%        6


Dungeon Overview and Level Annotations

Branches:
Dungeon (2/15)

Altars:


Innate Abilities, Weirdness & Mutations

You have a pair of horns on your head.
You reflexively headbutt those who attack you in melee.


Message History

Sorry, you're not good enough to have a special ability.
i - a +0 dagger (weapon)
Okay, then.
Found 5 stones.
You now have 18 gold pieces.
You see here 5 stones.
Found a fizzy grey potion.
A kobold and a worm come into view.
A quokka comes into view.
Found 8 gold pieces.
The kobold shouts!
The worm closely misses you. The quokka barely misses you.
The quokka bites you but does no damage.
You see here 8 gold pieces.
The quokka attacks as you move away! The quokka bites you.
The kobold misses you.
You barely miss the kobold. The quokka bites you.
The kobold hits you with a +0 short sword.
You hit the kobold.
You kill the kobold!
The quokka barely misses you. The quokka barely misses you.
The worm barely misses you. You furiously retaliate!
You headbutt the worm.
Things that are here:
a +0 short sword; 2 stones; a kobold corpse You hit the worm.
The worm is heavily wounded.
The quokka barely misses you.
You hit the worm.
You headbutt the worm, but do no damage.
The worm is heavily wounded.
The quokka bites you but does no damage.
The worm bites you.
You hit the worm but do no damage.
The worm is heavily wounded.
The quokka bites you. x2
* * * LOW HITPOINT WARNING * * *
The worm bites you!
You die...

#.# ########†#
#........#
#########........#
#......##........##
+................>#
#......##.........#
#......##.........#
#...r@w#..........#
#......#.###.###.(#
#...........#.#....#
#.######.!#.#.###..#
# #..# ... #..# ...#
#.# #..# #.#.. ...
...# .## #.## #.


You could see a worm and a quokka.

Vanquished Creatures
  3 ball pythons
  2 bats (D:1)
  2 hobgoblins
  2 kobolds (D:2)
9 creatures vanquished.

Notes
Turn   | Place    | Note
-------+----------+-------------------------------------------
     0 | D:1      | Bandit the Minotaur Gladiator began the quest for the Orb.
     0 | D:1      | Reached XP level 1. HP: 18/18 MP: 0/0
    92 | D:1      | Found a faded altar of an unknown god.
   360 | D:2      | Reached XP level 2. HP: 24/25 MP: 1/1
   400 | D:2      | Slain by a worm

Illustrated notes

Levels and vault maps discovered:
D:1:      psy_arrival_radial01, layout_basic, chequers_ecumenical_altar_simple
D:2:      layout_basic, minmay_misc_feat_roman

Action                     || total
---------------------------++-------
  Melee: Long sword        ||    17
         Headbutt          ||     4
         Dagger            ||     5
 Armour: Leather armour    ||    21
  Dodge: Dodged            ||    30
